 Dungeon Crawl Stone Soup version 0.21-a0-286-g6fcecc0 (webtiles) character file.

6301 mhoghedin the Tainter (level 10, -13/88 HPs)
             Began as a Naga Venom Mage on Sept 23, 2017.
             Was a Priest of Cheibriados.
             Mangled by a two-headed ogre
             ... wielding a +0 giant spiked club
              (30 damage)
             ... on level 10 of the Dungeon on Sept 27, 2017.
             The game lasted 00:38:56 (9841 turns).

mhoghedin the Tainter (Naga Venom Mage)             Turns: 9841, Time: 00:38:56

Health: -13/88     AC: 12    Str: 18    XL:     10   Next: 95%
Magic:  13/16      EV:  9    Int: 26    God:    Cheibriados [***...]
Gold:   220        SH:  0    Dex: 23    Spells: 3/17 levels left

rFire    . . .     SeeInvis +   C - +0 fustibalus
rCold    . . .     Gourm    .   (no shield)
rNeg     . . .     Faith    .   o - +0 robe
rPois    +         Spirit   .   e - +0 helmet
rElec    .         Reflect  .   (no cloak)
rCorr    .         Harm     .   F - +1 pair of gloves
MR       ++...     Rnd*Tele +   J - +0 naga barding
Stlth    +++++.....             (no amulet)
HPRegen  0.24/turn              y - ring of protection from magic {MR+, !d}
MPRegen  0.15/turn              q - ring of stealth {Stlth+}

@: very slow
A: stinger 1, see invisible, agile 1, deformed body, poison resistance, shaggy
fur 1, slowness 2, slow metabolism 1, spit poison 1, teleportitis 1, AC +3
a: Spit Poison, Bend Time, Temporal Distortion, Renounce Religion


You were on level 10 of the Dungeon.
You worshipped Cheibriados.
Cheibriados was most pleased with you.
You were hungry.

You visited 2 branches of the dungeon, and saw 11 of its levels.

You collected 680 gold pieces.
You spent 460 gold pieces at shops.

Inventory:

Hand Weapons
 a - a +2 dagger of venom
   (You took it off a goblin on level 1 of the Dungeon)
 C - a +0 fustibalus (weapon)
   (You found it on level 8 of the Dungeon)
Missiles
 m - 149 stones
 I - 58 sling bullets (quivered)
Armour
 e - a +0 helmet (worn)
   (You took it off Robin on level 4 of the Dungeon)
 o - a +0 robe (worn)
 F - a +1 pair of gloves (worn)
   (You found it on level 6 of the Dungeon)
 J - a +0 naga barding (worn)
   (You bought it in a shop on level 5 of the Dungeon)
Magical Staves
 z - an uncursed staff of conjuration {!a}
   (You found it on level 5 of the Dungeon)
Jewellery
 q - a ring of stealth (right hand) {Stlth+}
   (You found it on level 2 of the Dungeon)
 t - an uncursed ring of positive energy {rN+}
   (You found it on level 3 of the Dungeon)
 w - an uncursed ring of stealth {Stlth+}
   (You found it on level 3 of the Dungeon)
 y - a ring of protection from magic (left hand) {MR+, !d}
   (You found it on level 4 of the Dungeon)
 G - an uncursed ring of fire {rF+, rC-}
   (You found it on level 6 of the Dungeon)
Wands
 v - a wand of disintegration (1/24)
   (You found it on level 6 of the Dungeon)
 K - a wand of lightning (4/15)
   (You found it on level 9 of the Dungeon)
Scrolls
 d - 3 scrolls of fog
 g - a scroll of acquirement {unknown}
 j - 3 scrolls of remove curse
 k - 7 scrolls of teleportation
 l - a scroll of holy word {!r}
 u - 2 scrolls of magic mapping {!r}
 D - a scroll of amnesia
Potions
 b - a potion of haste {unknown}
 i - 3 potions of flight
 n - 2 potions of brilliance {unknown}
 p - 3 potions of curing {unknown}
 r - 3 potions of cancellation {unknown}
 x - a potion of degeneration {unknown}
 A - 3 potions of ambrosia
 B - 2 potions of resistance
 H - 2 potions of heal wounds
Books
 s - a Young Poisoner's Handbook
Miscellaneous
 h - a crystal ball of energy
   (You found it on level 10 of the Dungeon)
Comestibles
 c - 8 bread rations {@e1}
 f - 2 meat rations {@e2}
 E - 9 fruits


   Skills:
 - Level 5.4 Fighting
 - Level 2.6 Short Blades
 + Level 8.6 Slings
 - Level 2.0 Dodging
 - Level 5.4 Stealth
 - Level 4.1 Spellcasting
 - Level 5.3 Conjurations
 - Level 1.1 Air Magic
 - Level 10.0 Poison Magic
 - Level 5.3 Invocations


You had 3 spell levels left.
You knew the following spells:

 Your Spells              Type           Power        Failure   Level  Hunger
a - Venom Bolt            Conj/Pois      #####.....   10%         5    #####..
b - Poisonous Vapours     Pois/Air       ####..       1%          2    None
c - Olgreb's Toxic Radia  Pois           ######..     1%          4    ####...
x - Mephitic Cloud        Conj/Pois/Air  ####....     2%          3    ##.....


Dungeon Overview and Level Annotations

Branches:
Dungeon (10/15)            Temple (1/1) D:5
   Lair: D:8-11         Orc: D:9-12

Altars:
Ashenzari
Cheibriados
Dithmenos
Elyvilon
Fedhas
Gozag
Hepliaklqana
Kikubaaqudgha
Makhleb
Nemelex Xobeh
Okawaru
Qazlal
Ru
Sif Muna
Trog
Uskayaw
Vehumet
Wu Jian
Xom
Yredelemnul
Zin
The Shining One

Shops:
D:5 [:[(


Innate Abilities, Weirdness & Mutations

You cannot wear boots.
Your serpentine skin is tough. (AC +3)
You have supernaturally acute eyesight. (SInv)
Armour fits poorly on your strangely shaped body.
Your system is resistant to poisons. (rPois)
You cover ground very slowly.
You have a slow metabolism.
You can spit poison.
Your tail ends in a poisonous barb.
You are agile. (Dex +2)
You are covered in fur. (AC +1)
You are occasionally teleported next to monsters.


Message History

The sling bullet hits Urug but does no damage.
Urug laughs crazily.
Aim: Urug, wielding an enchanted broad axe and wearing a scale mail (heavily wounded, poisoned, confused)
You shoot a sling bullet. The sling bullet hits Urug!
A two-headed ogre comes into view. It is wielding two giant spiked clubs.
Aim: Urug, wielding an enchanted broad axe and wearing a scale mail (severely wounded, poisoned, confused)
You shoot a sling bullet. The two-headed ogre shouts in stereo!
The sling bullet hits the two-headed ogre.
Aim: a two-headed ogre, wielding two giant spiked clubs (lightly wounded)
You shoot a sling bullet.
The sling bullet hits the two-headed ogre.
Aim: a two-headed ogre, wielding two giant spiked clubs (lightly wounded)
You shoot a sling bullet.
The sling bullet hits the two-headed ogre!
Urug seems less confused.
Aim: a two-headed ogre, wielding two giant spiked clubs (moderately wounded)
The ball explodes into a vile cloud!
The stinking cloud engulfs the two-headed ogre.
The stinking cloud engulfs you!
You hear a screech!
The two-headed ogre is engulfed in noxious fumes.
The two-headed ogre hits you with a giant spiked club!
The two-headed ogre barely misses you.
You take 8 damage, and have 47/88 hp.
You now have 3/16 mp.
Aim: a two-headed ogre, wielding two giant spiked clubs (noxious fumes, moderately wounded)
You shoot a sling bullet.
The sling bullet hits the two-headed ogre!
The two-headed ogre is engulfed in noxious fumes.
The two-headed ogre appears confused.
Urug is engulfed in noxious fumes.
Aim: a two-headed ogre, wielding two giant spiked clubs (noxious fumes, heavily wounded, confused)
The ball explodes into a vile cloud!
The stinking cloud engulfs the two-headed ogre.
The stinking cloud engulfs you!
The stinking cloud engulfs Urug.
The two-headed ogre is engulfed in noxious fumes.
The two-headed ogre hits you with a giant spiked club!
The two-headed ogre hits you with a giant spiked club!!
* * * LOW HITPOINT WARNING * * *
Urug is engulfed in noxious fumes.
Urug barely misses you.
You take 31 damage, and have 16/88 hp.
MASSIVE DAMAGE!!
You now have 1/16 mp.
You don't have enough magic at the moment.
Unknown command.
Aim: Urug, wielding an enchanted broad axe and wearing a scale mail (noxious fumes, severely wounded, poisoned)
You shoot a sling bullet. The sling bullet closely misses Urug.
Aim: Urug, wielding an enchanted broad axe and wearing a scale mail (noxious fumes, severely wounded, poisoned)
You shoot a sling bullet. The sling bullet hits Urug.
The two-headed ogre is engulfed in noxious fumes.
The two-headed ogre appears confused.
The two-headed ogre barely misses you. x2
Urug is engulfed in noxious fumes.
Urug hits you with an enchanted broad axe!
* * * LOW HITPOINT WARNING * * *
You take 7 damage, and have 10/88 hp.
Aim: Urug, wielding an enchanted broad axe and wearing a scale mail (noxious fumes, almost dead, poisoned)
You shoot a sling bullet.
The sling bullet completely misses Urug.
Urug is engulfed in noxious fumes.
Urug hits you with an enchanted broad axe.
* * * LOW HITPOINT WARNING * * *
You take 3 damage, and have 7/88 hp.
Aim: Urug, wielding an enchanted broad axe and wearing a scale mail (noxious fumes, almost dead, poisoned)
You shoot a sling bullet.
The sling bullet hits Urug but does no damage.
The two-headed ogre is engulfed in noxious fumes.
Urug is engulfed in noxious fumes.
Urug appears confused.
Okay, then.
You are confused.
You feel invigorated.
You regained 5 hp, and now have 12/88 hp.
You regained 5 mp, and now have 6/16 mp.
Urug is engulfed in noxious fumes.
Urug appears confused.
You kill Urug!
Cheibriados thoroughly appreciates the change of pace.
Your Slings skill increases to level 8!
You regained 6 hp, and now have 18/88 hp.
You regained 6 mp, and now have 12/16 mp.
You regained 4 hp, and now have 22/88 hp.
MP restored: 16 You regained 5 hp, and now have 27/88 hp.
You regained 4 hp, and now have 31/88 hp.
You regained 4 hp, and now have 35/88 hp.
You regained 5 hp, and now have 40/88 hp.
The two-headed ogre seems less confused.
You regained 4 hp, and now have 44/88 hp.
You feel less invigorated.
You feel less confused.
You regained 4 hp, and now have 48/88 hp.
Aim: a two-headed ogre, wielding two giant spiked clubs (heavily wounded)
You shoot a sling bullet.
The sling bullet hits the two-headed ogre!
Aim: a two-headed ogre, wielding two giant spiked clubs (severely wounded)
The ball explodes into a vile cloud!
The stinking cloud engulfs the two-headed ogre.
The stinking cloud engulfs you!
The two-headed ogre is engulfed in noxious fumes.
The two-headed ogre hits you with a giant spiked club!!
* * * LOW HITPOINT WARNING * * *
The two-headed ogre hits you with a giant spiked club!!
You die...

#........# #........#
...# #.......## ..(#
#.......# ..?.#
##.#....# .....
##..##.### ......
##......†.#####.....
##.######.....§§§##.##
###.## ######@O§...(#
#..## ####((((. ..##
.### .## ## # # ## .##


You could see a two-headed ogre.

Vanquished Creatures
  Urug (D:10)
  2 trolls
  Prince Ribbit (D:6)
  A hippogriff (D:10)
  A wyvern (D:8)
  A hungry ghost (D:10)
  Grum (D:8)
  Menkaure (D:7)
  Edmund (D:4)
  A water moccasin (D:7)
  3 orc warriors
  3 sky beasts
  2 black bears
  3 phantoms
  4 wolves (D:8)
  4 ogres
  6 centaurs
  5 bullfrogs
  2 scorpions
  8 killer bees
  A howler monkey (D:8)
  4 crimson imps
  A centaur zombie (D:7)
  A jelly (D:10)
  2 orc priests
  5 orc wizards
  3 hounds
  4 iguanas
  5 worker ants
  A hound zombie (D:7)
  2 hound skeletons (D:6)
  A worker ant zombie (D:7)
  Robin (D:4)
  20 gnolls
  A howler monkey skeleton (D:6)
  14 adders
  3 shadow imps
  An adder skeleton (D:5)
  A worm (D:2)
  5 leopard geckos
  13 orcs
  2 ball pythons
  7 giant cockroaches
  20 goblins
  10 hobgoblins
  A jackal (D:2)
  7 kobolds
  4 quokkas
  5 bats
  2 frilled lizards (D:2)
  9 rats
207 creatures vanquished.

Notes
Turn   | Place    | Note
-------+----------+-------------------------------------------
     0 | D:1      | mhoghedin the Naga Venom Mage began the quest for the Orb.
     0 | D:1      | Reached XP level 1. HP: 15/15 MP: 3/3
   146 | D:1      | Reached XP level 2. HP: 22/22 MP: 1/5
   227 | D:1      | Learned a level 2 spell: Poisonous Vapours
   270 | D:1      | Reached skill level 5 in Poison Magic
   616 | D:2      | Reached XP level 3. HP: 28/28 MP: 1/6
   839 | D:2      | Reached skill level 6 in Poison Magic
   854 | D:2      | Reached XP level 4. HP: 32/36 MP: 4/7
   981 | D:2      | Learned a level 4 spell: Olgreb's Toxic Radiance
  1317 | D:2      | Reached skill level 3 in Spellcasting
  1317 | D:2      | Reached XP level 5. HP: 42/42 MP: 2/9
  1322 | D:2      | Learned a level 3 spell: Mephitic Cloud
  1904 | D:3      | Reached skill level 1 in Air Magic
  2194 | D:4      | Reached skill level 1 in Short Blades
  2466 | D:4      | Reached skill level 4 in Stealth
  2577 | D:4      | Noticed Edmund
  2598 | D:4      | Gained mutation: You are agile. (Dex +2) [potion of mutation]
  2598 | D:4      | Gained mutation: You are occasionally teleported next to monsters. [potion of mutation]
  2598 | D:4      | Gained mutation: You are covered in fur. (AC +1) [potion of mutation]
  2598 | D:4      | Gained mutation: Your tail ends in a poisonous barb. [potion of mutation]
  2615 | D:4      | Killed Edmund
  2615 | D:4      | Reached skill level 2 in Short Blades
  2615 | D:4      | Reached skill level 5 in Stealth
  2615 | D:4      | Reached XP level 6. HP: 39/49 MP: 6/10
  2758 | D:4      | Noticed Robin
  2769 | D:4      | Killed Robin
  2842 | D:5      | Entered Level 5 of the Dungeon
  2910 | D:5      | Reached skill level 7 in Poison Magic
  2910 | D:5      | Reached XP level 7. HP: 19/55 MP: 9/11
  3111 | D:5      | Found a staircase to the Ecumenical Temple.
  3138 | D:5      | Reached skill level 2 in Conjurations
  3141 | Temple   | Entered the Ecumenical Temple
  3184 | Temple   | Became a worshipper of Cheibriados the Contemplative
  3245 | D:5      | Found Binu's Antique Armour Shop.
  3342 | D:5      | Found Nepis's Armour Emporium.
  3636 | D:5      | Found Oschuale's Book Boutique.
  3655 | D:5      | Found Bohao's Weapon Boutique.
  3684 | D:5      | Found a basalt altar of Yredelemnul.
  3710 | D:5      | Upgraded the game from 0.21-a0-279-g6037ffb to 0.21-a0-283-g622b906
  3744 | D:6      | Found an opulent altar of Gozag.
  3757 | D:6      | Reached skill level 1 in Slings
  3850 | D:6      | Reached skill level 2 in Slings
  3966 | D:6      | Reached skill level 3 in Slings
  4112 | D:6      | Reached * piety under Cheibriados
  4275 | D:6      | Reached skill level 4 in Slings
  4275 | D:6      | Reached XP level 8. HP: 22/62 MP: 12/12
  4584 | D:6      | Noticed Prince Ribbit
  4593 | D:6      | Killed Prince Ribbit
  4593 | D:6      | Reached skill level 5 in Slings
  4599 | D:6      | Reached skill level 1 in Fighting
  4679 | D:6      | Reached skill level 2 in Fighting
  4684 | D:6      | Reached skill level 3 in Fighting
  5243 | D:7      | Reached skill level 4 in Fighting
  5617 | D:7      | Reached skill level 5 in Fighting
  5864 | D:7      | Reached skill level 1 in Invocations
  5864 | D:7      | Reached XP level 9. HP: 75/81 MP: 13/13
  5895 | D:7      | Reached ** piety under Cheibriados
  5895 | D:7      | Reached skill level 2 in Invocations
  5902 | D:7      | Reached skill level 3 in Invocations
  5965 | D:7      | Reached skill level 4 in Invocations
  5967 | D:7      | HP: 15/81 [sky beast (6)]
  5984 | D:7      | Noticed Menkaure
  5996 | D:7      | Killed Menkaure
  5996 | D:7      | Reached skill level 5 in Invocations
  6002 | D:6      | Upgraded the game from 0.21-a0-283-g622b906 to 0.21-a0-286-g6fcecc0
  6776 | D:7      | Learned a level 5 spell: Venom Bolt
  6879 | D:8      | Noticed Grum
  6881 | D:8      | Reached skill level 3 in Conjurations
  6881 | D:8      | Reached skill level 8 in Poison Magic
  6889 | D:8      | Killed Grum
  6893 | D:8      | Noticed a troll
  6906 | D:8      | Killed a troll
  6906 | D:8      | Reached skill level 4 in Spellcasting
  7093 | D:8      | HP: 8/81 [ogre/giant club (25)]
  7094 | D:8      | Reached skill level 4 in Conjurations
  7094 | D:8      | Reached skill level 9 in Poison Magic
  7100 | D:8      | HP: 8/81 [orc/tomahawk (3)]
  7599 | D:8      | Reached *** piety under Cheibriados
  7600 | D:8      | Reached XP level 10. HP: 88/88 MP: 11/16
  7733 | D:8      | Reached skill level 5 in Conjurations
  7745 | D:8      | Reached skill level 10 in Poison Magic
  8211 | D:8      | Reached skill level 2 in Dodging
  8577 | D:5      | Bought a naga barding for 460 gold pieces
  8865 | D:9      | Reached skill level 6 in Slings
  9008 | D:9      | Reached **** piety under Cheibriados
  9398 | D:10     | Entered Level 10 of the Dungeon
  9404 | D:10     | Reached skill level 7 in Slings
  9812 | D:10     | Noticed Urug
  9821 | D:10     | Noticed a two-headed ogre
  9826 | D:10     | HP: 16/88 [two-headed ogre/giant spiked club (21)]
  9829 | D:10     | HP: 7/88 [Urug/enchanted broad axe (3)]
  9832 | D:10     | Killed Urug
  9832 | D:10     | Reached skill level 8 in Slings
  9841 | D:10     | HP: 17/88 [two-headed ogre/giant spiked club (32)]
  9841 | D:10     | Mangled by a two-headed ogre

Vault maps used:
D:1:      dpeg_arrival_pits
D:2:      st_stairs_5
D:3:      first_bread
D:4:      uniq_robin, uniq_edmund
D:5:      wad_lake_hut, old_standard_altar, minmay_temple_entry_glass,
          serial_shops, kennysheep_mini,
          nicolae_shop_temple_entry_statues_fountains, shop,
          nicolae_shop_behind_doors
D:6:      basic_altar, kennysheep_generic_room_12, uniq_prince_ribbit1
D:7:      uniq_menkaure
D:8:      uniq_grum
D:10:     uniq_urug
Temple:   kilobyte_greek_temple

Skill      XL: |  1  2  3  4  5  6  7  8  9 10 |
---------------+-------------------------------+-----
Poison Magic   | 5 6 7 9 10 | 10.0
Spellcasting   | 3 4 |  4.1
Air Magic      | 1 |  1.1
Short Blades   | 2 |  2.6
Stealth        | 5 |  5.4
Conjurations   | 2 4 5 |  5.3
Slings         | 4 5 8 |  8.6
Fighting       | 5 |  5.4
Invocations    | 1 5 |  5.3
Dodging        | 2 |  2.0

Action                   |  1- 3 |  4- 6 |  7- 9 | 10-12 || total
-------------------------+-------+-------+-------+-------++-------
Melee: Unarmed           |     1 |       |       |       ||     1
       Dagger            |    21 |   104 |    51 |       ||   176
       Tailslap          |       |     3 |     2 |       ||     5
 Fire: Hunting sling     |       |    43 |   353 |    20 ||   416
       Fustibalus        |       |       |       |   165 ||   165
 Cast: Sting             |    29 |     4 |     1 |       ||    34
       Poisonous Vapours |     6 |    12 |    11 |     4 ||    33
       Olgreb's Toxic Ra |       |     3 |     8 |     5 ||    16
       Mephitic Cloud    |       |       |    11 |     8 ||    19
       Venom Bolt        |       |       |     3 |       ||     3
Invok: Bend Time         |       |       |     2 |       ||     2
       Slouch            |       |       |       |     1 ||     1
       Temporal Distorti |       |       |       |     1 ||     1
 Abil: Spit Poison       |     7 |     4 |       |       ||    11
Evoke: Wand              |       |       |    10 |       ||    10
  Use: Potion            |       |     3 |       |     1 ||     4
       Scroll            |       |       |    15 |     1 ||    16
 Stab: Sleeping          |       |     6 |     3 |       ||     9
       Confused          |       |       |     2 |       ||     2
  Eat: Chunk             |       |     8 |     7 |     3 ||    18
       Royal jelly       |       |       |     3 |     3 ||     6
Armor: Robe              |     3 |    31 |    94 |    55 ||   183
       Skin              |       |    22 |       |       ||    22
Dodge: Dodged            |     8 |    61 |   127 |    58 ||   254

Table legend:
 A = Spawn XP
 B = Non-spawn XP
 C = Spawn XP percentage of total XP
 D = Spawn monster count
 E = Non-spawn monster count
 F = Spawn count percentage of total count
 G = Total turns spent on level
                    A         B        C        D         E        F      G
               +---------+---------+-------+---------+---------+-------+---------
         Total |       0 |    9002 |   0.0 |       0 |     207 |   0.0 |  9841
               +---------+---------+-------+---------+---------+-------+---------
           D:1 |       0 |      26 |   0.0 |       0 |      14 |   0.0 |   685
           D:2 |       0 |     154 |   0.0 |       0 |      27 |   0.0 |   913
           D:3 |       0 |      94 |   0.0 |       0 |      25 |   0.0 |   584
           D:4 |       0 |     244 |   0.0 |       0 |      19 |   0.0 |   660
           D:5 |       0 |     244 |   0.0 |       0 |       9 |   0.0 |   852
           D:6 |       0 |    1095 |   0.0 |       0 |      19 |   0.0 |  1832
           D:7 |       0 |    1678 |   0.0 |       0 |      29 |   0.0 |  1830
           D:8 |       0 |    2272 |   0.0 |       0 |      33 |   0.0 |  1269
           D:9 |       0 |    1209 |   0.0 |       0 |      19 |   0.0 |   690
          D:10 |       0 |    1986 |   0.0 |       0 |      13 |   0.0 |   443
               +---------+---------+-------+---------+---------+-------+---------

Vault maps used:
D:1:      dpeg_arrival_pits
D:2:      st_stairs_5
D:3:      first_bread
D:4:      uniq_robin, uniq_edmund
D:5:      wad_lake_hut, old_standard_altar, minmay_temple_entry_glass,
          serial_shops, kennysheep_mini,
          nicolae_shop_temple_entry_statues_fountains, shop,
          nicolae_shop_behind_doors
D:6:      basic_altar, kennysheep_generic_room_12, uniq_prince_ribbit1
D:7:      uniq_menkaure
D:8:      uniq_grum
D:10:     uniq_urug
Temple:   kilobyte_greek_temple

Table legend:
 A = Turns spent in this place as a percentage of turns spent in the entire game.
 B = Non-inter-level travel turns spent in this place as a percentage of non-inter-level travel turns spent in the entire game.
 C = Inter-level travel turns spent in this place as a percentage of turns spent in this place.
 D = Turns resting spent in this place as a percentage of non-inter-level travel turns spent in this place.
 E = Turns spent auto-exploring this place as a percentage of non-inter-level travel turns spent in this place.
 F = Non-inter-level travel turns spent in this place divided by the number of levels of this place that you've seen.
                   A       B       C       D       E      F
               +-------+-------+-------+-------+-------+----------------------
         Total | 100.0 | 100.0 |   6.6 |  27.1 |  54.5 | 835.7
       Dungeon |  99.2 |  99.5 |   6.3 |  27.3 |  54.4 | 914.4
        Temple |   0.8 |   0.5 |  41.0 |   0.0 |  61.2 |  49.0
               +-------+-------+-------+-------+-------+----------------------

Table legend:
 A = Kills in this place as a percentage of kills in entire the game.
 B = Kills by you in this place as a percentage of kills by you in the entire game.
 C = Kills by friends in this place as a percentage of kills by friends in the entire game.
 D = Other kills in this place as a percentage of other kills in the entire game.
 E = Experience gained in this place as a percentage of experience gained in the entire game.
 F = Experience gained in this place divided by the number of levels of this place that you have seen.
                   A       B       C       D       E      F
               +-------+-------+-------+-------+-------+----------------------
         Total | 100.0 | 100.0 |   N/A | 100.0 | 100.0 | 818.4
       Dungeon | 100.0 | 100.0 |   N/A | 100.0 | 100.0 | 900.2
               +-------+-------+-------+-------+-------+----------------------
